TOP OF THE 1ST |
Red Deer Wranglers batting - Pitching for Menlo Maniacs : LHP Leonard Simmons
|
Pitching: LHP Leonard Simmons
|
|
Batting: RHB Julián García
|
0-0: Foul Ball, location: 2F 0-1: Foul Ball, location: 2F 0-2: Ball 1-2: Ground out 3-1 (Groundball, 34)
|
Batting: RHB Art Cameron
|
0-0: Called Strike 0-1: Called Strike 0-2: Foul Ball, location: 2F 0-2: Ball 1-2: Strikes out swinging
|
Batting: RHB Pedro Cabrera
|
0-0: Ball 1-0: Ball 2-0: Called Strike 2-1: SINGLE (Groundball, 6MD)
|
Batting: RHB Steve Burton
|
0-0: Ball Pedro Cabrera steals 2nd base 1-0: Swinging Strike 1-1: Swinging Strike 1-2: Ball 2-2: Strikes out swinging
|
Top of the 1st over - 0 runs, 1 hit, 0 errors, 1 left on base; Red Deer 0 - Menlo 0 |
BOTTOM OF THE 1ST |
Menlo Maniacs batting - Pitching for Red Deer Wranglers : RHP Sloan Numbers
|
Pitching: RHP Sloan Numbers
|
|
Batting: RHB Joe Smith
|
0-0: Ball 1-0: Ground out 6-3 (Groundball, 6S)
|
Batting: RHB Ben Byrd
|
0-0: Swinging Strike 0-1: Ball 1-1: Foul Ball, location: 2F 1-2: Ball 2-2: Foul Ball, location: 2F 2-2: Ball 3-2: Strikes out swinging
|
Batting: RHB Bob Fitzgerald
|
0-0: Ball 1-0: Called Strike 1-1: Foul Ball, location: 2F 1-2: Strikes out looking
|
Bottom of the 1st over - 0 runs, 0 hits, 0 errors, 0 left on base; Red Deer 0 - Menlo 0 |
TOP OF THE 2ND |
Red Deer Wranglers batting - Pitching for Menlo Maniacs : LHP Leonard Simmons
|
Batting: RHB Ben Fisher
|
0-0: SINGLE (Groundball, 34S) (infield hit)
|
Batting: RHB Rijk de Rade
|
0-0: Ball 1-0: Ball 2-0: Called Strike 2-1: Ball 3-1: Base on Balls Ben Fisher to second
|
Batting: RHB Allen Brown
|
0-0: Fly out, F3 (Line Drive, 3S) Lined into DP, U3 (Line Drive, 3S)
|
Batting: SHB Stan Gómez
|
0-0: Ball 1-0: Foul Ball, location: 2F 1-1: DOUBLE (Flyball, 8RXD) Ben Fisher scores
|
Batting: RHB Valentín Reyes
|
0-0: Called Strike 0-1: Swinging Strike 0-2: Foul Ball, location: 2F 0-2: Ball 1-2: Strikes out swinging
|
Top of the 2nd over - 1 run, 2 hits, 0 errors, 1 left on base; Red Deer 1 - Menlo 0 |
BOTTOM OF THE 2ND |
Menlo Maniacs batting - Pitching for Red Deer Wranglers : RHP Sloan Numbers
|
Batting: RHB Eleuterio Supardo
|
0-0: Ball 1-0: Ground out 6-3 (Groundball, 6)
|
Batting: LHB Robby Lawson
|
0-0: Ball 1-0: Swinging Strike 1-1: Ball 2-1: Swinging Strike 2-2: Strikes out swinging
|
Batting: RHB Ian Howard
|
0-0: Called Strike 0-1: Ball 1-1: Ball 2-1: Foul Ball, location: 2F 2-2: Ball 3-2: Foul Ball, location: 2F 3-2: Strikes out looking
|
Bottom of the 2nd over - 0 runs, 0 hits, 0 errors, 0 left on base; Red Deer 1 - Menlo 0 |
TOP OF THE 3RD |
Red Deer Wranglers batting - Pitching for Menlo Maniacs : LHP Leonard Simmons
|
Batting: RHB Julián García
|
0-0: Ball 1-0: Ground out 5-3 (Groundball, 5D)
|
Batting: RHB Art Cameron
|
0-0: Ball 1-0: Ball 2-0: Ball 3-0: Base on Balls
|
Batting: RHB Pedro Cabrera
|
0-0: Ball 1-0: Ball 2-0: Foul Ball, location: 2F 2-1: Swinging Strike 2-2: Foul Ball, location: 2F 2-2: Ball 3-2: Fly out, F3 (Popup, 23F)
|
Batting: RHB Steve Burton
|
0-0: Ball Art Cameron steals 2nd base 1-0: Ground out 6-3 (Groundball, 6)
|
Top of the 3rd over - 0 runs, 0 hits, 0 errors, 1 left on base; Red Deer 1 - Menlo 0 |
BOTTOM OF THE 3RD |
Menlo Maniacs batting - Pitching for Red Deer Wranglers : RHP Sloan Numbers
|
Batting: RHB Miguel González
|
0-0: Called Strike 0-1: Ground out 6-3 (Groundball, 6M)
|
Batting: RHB Jason Patrick
|
0-0: Ball 1-0: SINGLE (Flyball, 9S)
|
Batting: RHB Dani Torres
|
0-0: Grounds into double play, 5-4-3 (Groundball, 56)
|
Bottom of the 3rd over - 0 runs, 1 hit, 0 errors, 0 left on base; Red Deer 1 - Menlo 0 |
TOP OF THE 4TH |
Red Deer Wranglers batting - Pitching for Menlo Maniacs : LHP Leonard Simmons
|
Batting: RHB Ben Fisher
|
0-0: Swinging Strike 0-1: Ball 1-1: Foul Ball, location: 2F 1-2: Ball 2-2: Strikes out looking
|
Batting: RHB Rijk de Rade
|
0-0: Called Strike 0-1: Ball 1-1: Ball 2-1: Ball 3-1: Foul Ball, location: 2F 3-2: Base on Balls
|
Batting: RHB Allen Brown
|
0-0: Ball 1-0: Called Strike 1-1: Ball 2-1: Fly out, F6 (Line Drive, 6)
|
Batting: SHB Stan Gómez
|
0-0: Ball 1-0: Ball Rijk de Rade steals 2nd base 2-0: Ball 3-0: Called Strike 3-1: SINGLE (Groundball, 56D) Rijk de Rade to third Runner from 3rd tries for Home, SAFE, no throw
|
Batting: RHB Valentín Reyes
|
0-0: Ball 1-0: Ball 2-0: Called Strike 2-1: Ball 3-1: Called Strike 3-2: Strikes out swinging
|
Top of the 4th over - 1 run, 1 hit, 0 errors, 1 left on base; Red Deer 2 - Menlo 0 |
BOTTOM OF THE 4TH |
Menlo Maniacs batting - Pitching for Red Deer Wranglers : RHP Sloan Numbers
|
Batting: RHB Joe Smith
|
0-0: Foul Ball, location: 2F 0-1: Ball 1-1: Ball 2-1: Foul Ball, location: 2F 2-2: SINGLE (Groundball, 3) (infield hit)
|
Batting: RHB Ben Byrd
|
0-0: Ball 1-0: Called Strike 1-1: Called Strike Joe Smith steals 2nd base 1-2: Ball 2-2: SINGLE (Groundball, 6MD) Joe Smith to third Runner from 3rd tries for Home, SAFE, throw made home Ben Byrd to second
|
Now in CF: Henry Jackson
|
|
Batting: RHB Bob Fitzgerald
|
0-0: Ball 1-0: Called Strike 1-1: Called Strike 1-2: SINGLE (Flyball, 5D) Ben Byrd to third
|
Batting: RHB Eleuterio Supardo
|
0-0: Ball 1-0: Swinging Strike 1-1: Hit by Pitch Bob Fitzgerald to second
|
Batting: LHB Robby Lawson
|
0-0: Ball 1-0: Foul Ball, location: 2F 1-1: Grounds into fielders choice 1-2 (Groundball, 13S) Bob Fitzgerald to third Eleuterio Supardo to second
|
Batting: RHB Ian Howard
|
0-0: Called Strike 0-1: Foul Ball, location: 2F 0-2: Ball 1-2: Foul Ball, location: 2F 1-2: Grounds into double play, 5-4-3 (Groundball, 56)
|
Bottom of the 4th over - 1 run, 3 hits, 0 errors, 2 left on base; Red Deer 2 - Menlo 1 |
TOP OF THE 5TH |
Red Deer Wranglers batting - Pitching for Menlo Maniacs : LHP Leonard Simmons
|
Batting: RHB Julián García
|
0-0: Called Strike 0-1: Swinging Strike 0-2: Foul Ball, location: 2F 0-2: Ball 1-2: Ball 2-2: Ball 3-2: Base on Balls
|
Batting: RHB Art Cameron
|
0-0: Foul Ball, location: 2F 0-1: Ball 1-1: Ball 2-1: Foul Ball, location: 2F 2-2: Ball 3-2: Fly out, F8 (Line Drive, 8RD)
|
Batting: RHB Pedro Cabrera
|
0-0: Ball 1-0: Called Strike 1-1: Ball 2-1: Fly out, F9 (Flyball, 9D)
|
Batting: RHB Steve Burton
|
0-0: Ball Julián García is caught stealing 2nd base
|
Top of the 5th over - 0 runs, 0 hits, 0 errors, 0 left on base; Red Deer 2 - Menlo 1 |
BOTTOM OF THE 5TH |
Menlo Maniacs batting - Pitching for Red Deer Wranglers : RHP Sloan Numbers
|
Batting: RHB Miguel González
|
0-0: Ball 1-0: Foul Ball, location: 2F 1-1: Ball 2-1: Called Strike 2-2: Ball 3-2: Base on Balls
|
Batting: RHB Jason Patrick
|
0-0: Swinging Strike 0-1: Swinging Strike 0-2: Ball 1-2: Strikes out swinging
|
Batting: RHB Dani Torres
|
0-0: Foul Ball, location: 2F 0-1: Ground out 5-3 (Groundball, 56) Miguel González to second
|
Batting: RHB Joe Smith
|
0-0: Foul Ball, location: 2F 0-1: Fly out, F9 (Flyball, 9)
|
Bottom of the 5th over - 0 runs, 0 hits, 0 errors, 1 left on base; Red Deer 2 - Menlo 1 |
TOP OF THE 6TH |
Red Deer Wranglers batting - Pitching for Menlo Maniacs : LHP Leonard Simmons
|
Batting: RHB Steve Burton
|
0-0: Called Strike 0-1: Ball 1-1: Ball 2-1: SINGLE (Line Drive, 56D)
|
Batting: RHB Ben Fisher
|
0-0: Called Strike 0-1: Ball 1-1: Foul Ball, location: 2F 1-2: Foul Ball, location: 2F 1-2: Grounds into double play, 6-4-3 (Groundball, 56)
|
Batting: RHB Rijk de Rade
|
0-0: Ball 1-0: Ball 2-0: Called Strike 2-1: Swinging Strike 2-2: Strikes out looking
|
Top of the 6th over - 0 runs, 1 hit, 0 errors, 0 left on base; Red Deer 2 - Menlo 1 |
BOTTOM OF THE 6TH |
Menlo Maniacs batting - Pitching for Red Deer Wranglers : RHP Sloan Numbers
|
Batting: RHB Ben Byrd
|
0-0: Called Strike 0-1: Ball 1-1: Ball 2-1: SOLO HOME RUN (Flyball, 89XD), Distance : 422 ft
|
Batting: RHB Bob Fitzgerald
|
0-0: Foul Ball, location: 2F 0-1: Ball 1-1: Fly out, F7 (Line Drive, 78D)
|
Batting: RHB Eleuterio Supardo
|
0-0: Swinging Strike 0-1: Swinging Strike 0-2: Ball 1-2: Strikes out looking
|
Batting: LHB Robby Lawson
|
0-0: Ball 1-0: Foul Ball, location: 2F 1-1: Fly out, F8 (Flyball, 8LS)
|
Bottom of the 6th over - 1 run, 1 hit, 0 errors, 0 left on base; Red Deer 2 - Menlo 2 |
TOP OF THE 7TH |
Red Deer Wranglers batting - Pitching for Menlo Maniacs : LHP Leonard Simmons
|
Pitching: RHP Wayne Todd
|
|
Batting: RHB Allen Brown
|
0-0: Swinging Strike 0-1: Ball 1-1: Ball 2-1: Ball 3-1: Called Strike 3-2: Ground out 6-3 (Groundball, 56)
|
Batting: SHB Stan Gómez
|
0-0: SINGLE (Line Drive, 3D)
|
Pinch Hitting: LHB Francisco Blanco
|
0-0: Ball 1-0: Swinging Strike 1-1: Swinging Strike 1-2: Foul Ball, location: 2F 1-2: Strikes out swinging
|
Batting: RHB Julián García
|
0-0: Ball 1-0: Ball 2-0: SINGLE (Line Drive, 8RS) Stan Gómez to second
|
Pinch Hitting: SHB Robbie Rhodes
|
0-0: Foul Ball, location: 2F 0-1: Called Strike 0-2: 3-RUN HOME RUN (Line Drive, 9LD), Distance : 347 ft
|
Pitching: LHP Marc Sizemore
|
|
Batting: RHB Pedro Cabrera
|
0-0: Ball 1-0: Ball 2-0: Called Strike 2-1: Ball 3-1: Foul Ball, location: 2F 3-2: SINGLE (Line Drive, 78M)
|
Batting: RHB Steve Burton
|
0-0: Ball Pedro Cabrera steals 2nd base 1-0: Called Strike 1-1: Ball 2-1: Ball 3-1: Called Strike 3-2: Base on Balls
|
Batting: RHB Ben Fisher
|
0-0: Ball 1-0: Swinging Strike 1-1: Ball 2-1: Hit by Pitch Pedro Cabrera to third Steve Burton to second
|
Batting: RHB Rijk de Rade
|
0-0: Ground out 5-3 (Groundball, 56S)
|
Top of the 7th over - 3 runs, 4 hits, 0 errors, 3 left on base; Red Deer 5 - Menlo 2 |
BOTTOM OF THE 7TH |
Menlo Maniacs batting - Pitching for Red Deer Wranglers : RHP Sloan Numbers
|
Now in LF: Robbie Rhodes
|
|
Now in CF: Francisco Blanco
|
|
Batting: RHB Ian Howard
|
0-0: SINGLE (Groundball, 4D)
|
Batting: RHB Miguel González
|
0-0: SINGLE (Groundball, 6MD) Ian Howard to second
|
Batting: RHB Jason Patrick
|
0-0: Sac Bunt - play at first, batter safe! Ian Howard to third Miguel González to second
|
Pinch Hitting: RHB Currito Campos
|
0-0: SINGLE (Groundball, 6MD) Ian Howard scores Miguel González to third Jason Patrick to second
|
Batting: RHB Joe Smith
|
0-0: Fly out, F8 (Flyball, 8RS) Runner from 3rd tags up, SCORES, no throw
|
Pinch Hitting: LHB Derrek Robinson
|
0-0: Called Strike Jason Patrick is caught stealing 3rd base 0-1: Ball 1-1: Foul Ball, location: 2F 1-2: Ball 2-2: Ball 3-2: Fly out, F7 (Line Drive, 7)
|
Bottom of the 7th over - 2 runs, 4 hits, 0 errors, 1 left on base; Red Deer 5 - Menlo 4 |
TOP OF THE 8TH |
Red Deer Wranglers batting - Pitching for Menlo Maniacs : LHP Marc Sizemore
|
Now at 3B: Tristan Walker
|
|
Now in CF: Derrek Robinson
|
|
Batting: RHB Allen Brown
|
0-0: Ball 1-0: Ball 2-0: Called Strike 2-1: Foul Ball, location: 2F 2-2: Ground out 4-3 (Groundball, 4)
|
Batting: SHB Stan Gómez
|
0-0: Swinging Strike 0-1: Ball 1-1: Foul Ball, location: 2F 1-2: Strikes out swinging
|
Batting: LHB Francisco Blanco
|
0-0: Called Strike 0-1: Ground out 1-3 (Groundball, 13S)
|
Top of the 8th over - 0 runs, 0 hits, 0 errors, 0 left on base; Red Deer 5 - Menlo 4 |
BOTTOM OF THE 8TH |
Menlo Maniacs batting - Pitching for Red Deer Wranglers : RHP Sloan Numbers
|
Pitching: RHP Pat Hardy
|
|
Batting: RHB Bob Fitzgerald
|
0-0: Fly out, F7 (Flyball, 7)
|
Batting: RHB Eleuterio Supardo
|
0-0: Ball 1-0: Called Strike 1-1: SINGLE (Flyball, 7S)
|
Pitching: LHP Ernesto Pérez
|
|
Pinch Hitting: RHB Clancy Castro
|
0-0: Ball 1-0: SINGLE (Flyball, 7LS) Eleuterio Supardo to second
|
Pitching: RHP Daniel Casey
|
|
Pinch Runner at 2nd Clinton Barton:
|
|
Batting: RHB Ian Howard
|
0-0: Called Strike 0-1: Swinging Strike 0-2: Foul Ball, location: 2F 0-2: Strikes out swinging
|
Pinch Hitting: RHB José Méndez
|
0-0: Fly out, F9 (Line Drive, 9S)
|
Bottom of the 8th over - 0 runs, 2 hits, 0 errors, 2 left on base; Red Deer 5 - Menlo 4 |
TOP OF THE 9TH |
Red Deer Wranglers batting - Pitching for Menlo Maniacs : LHP Marc Sizemore
|
Pitching: RHP José Gusmán
|
|
Now at 1B: José Méndez
|
|
Now at SS: Paul Hardy
|
|
Now in LF: Clinton Barton
|
|
Batting: RHB Julián García
|
0-0: Ball 1-0: Ball 2-0: Ball 3-0: Called Strike 3-1: Called Strike 3-2: Foul Ball, location: 2F 3-2: SINGLE (Line Drive, 89S)
|
Batting: SHB Robbie Rhodes
|
0-0: Called Strike 0-1: Ball 1-1: Bunted foul 1-2: Ball 2-2: Ball Wild Pitch! Julián García to second 3-2: Foul Ball, location: 2F 3-2: Foul Ball, location: 2F 3-2: Base on Balls
|
Batting: RHB Pedro Cabrera
|
0-0: Foul Ball, location: 2F 0-1: Foul Ball, location: 2F 0-2: Strikes out swinging
|
Batting: RHB Steve Burton
|
0-0: Ball Julián García steals 3rd base Robbie Rhodes to second 1-0: Ball Passed Ball! Julián García scores Robbie Rhodes to third 2-0: Foul Ball, location: 2F 2-1: 2-RUN HOME RUN (Flyball, 7LD), Distance : 347 ft
|
Batting: RHB Ben Fisher
|
0-0: Ground out 5-3 (Groundball, 56S)
|
Batting: RHB Rijk de Rade
|
0-0: Ball 1-0: Swinging Strike 1-1: Ball 2-1: Foul Ball, location: 2F 2-2: Ball 3-2: Base on Balls
|
Batting: RHB Allen Brown
|
0-0: Ball 1-0: Ball 2-0: Called Strike 2-1: Ball 3-1: Called Strike 3-2: Base on Balls Rijk de Rade to second
|
Pitching: RHP Jason Spencer
|
|
Batting: SHB Stan Gómez
|
0-0: Ball 1-0: Foul Ball, location: 2F 1-1: Ball 2-1: Called Strike 2-2: Ball 3-2: Foul Ball, location: 2F 3-2: Base on Balls Rijk de Rade to third Allen Brown to second
|
Batting: LHB Francisco Blanco
|
0-0: Ball 1-0: Ball 2-0: Ball Wild Pitch! Rijk de Rade scores Allen Brown to third Stan Gómez to second 3-0: Base on Balls
|
Batting: RHB Julián García
|
0-0: Ground out 3-1 (Groundball, 34)
|
Top of the 9th over - 4 runs, 2 hits, 0 errors, 3 left on base; Red Deer 9 - Menlo 4 |
BOTTOM OF THE 9TH |
Menlo Maniacs batting - Pitching for Red Deer Wranglers : RHP Daniel Casey
|
Batting: RHB Jason Patrick
|
0-0: Ball 1-0: Ball 2-0: Foul Ball, location: 2F 2-1: Ball 3-1: Base on Balls
|
Batting: LHB Tristan Walker
|
0-0: Ball 1-0: Called Strike 1-1: Swinging Strike 1-2: Strikes out looking
|
Batting: RHB Joe Smith
|
0-0: Ball 1-0: Ball 2-0: Ball 3-0: Called Strike 3-1: Reached on error, E5 (Flyball, 5D) Jason Patrick to second
|
Batting: LHB Derrek Robinson
|
0-0: SINGLE (Line Drive, 6MD) Jason Patrick to third Joe Smith to second
|
Pitching: RHP Raúl Zumaya
|
|
Batting: RHB Bob Fitzgerald
|
0-0: Ball 1-0: Ball 2-0: Ball 3-0: Called Strike 3-1: Base on Balls Jason Patrick scores Joe Smith to third Derrek Robinson to second
|
Batting: RHB Clinton Barton
|
0-0: Foul Ball, location: 2F 0-1: Swinging Strike 0-2: Ball 1-2: Foul Ball, location: 2F 1-2: Strikes out swinging
|
Batting: RHB Paul Hardy
|
0-0: Foul Ball, location: 2F 0-1: Ball 1-1: Ball 2-1: Called Strike 2-2: Ball 3-2: Base on Balls Joe Smith scores Derrek Robinson to third Bob Fitzgerald to second
|
Batting: RHB Ian Howard
|
0-0: Called Strike 0-1: DOUBLE (Groundball, 3L) Derrek Robinson scores Bob Fitzgerald scores Paul Hardy to third Runner from 3rd tries for Home, SAFE, throw made at trailing runner, OUT at third!
|
Bottom of the 9th over - 5 runs, 2 hits, 1 error, 0 left on base; Red Deer 9 - Menlo 9 |
TOP OF THE 10TH |
Red Deer Wranglers batting - Pitching for Menlo Maniacs : RHP Jason Spencer
|
Batting: SHB Robbie Rhodes
|
0-0: Called Strike 0-1: Ball 1-1: DOUBLE (Line Drive, 89D)
|
Batting: RHB Pedro Cabrera
|
0-0: Intentional Walk
|
Batting: RHB Steve Burton
|
0-0: Called Strike 0-1: Called Strike 0-2: Foul Ball, location: 2F 0-2: Foul Ball, location: 2F 0-2: Ball 1-2: SINGLE (Flyball, 8RS) Robbie Rhodes to third Pedro Cabrera to second
|
Batting: RHB Ben Fisher
|
0-0: Foul Ball, location: 2F 0-1: Foul Ball, location: 2F 0-2: Fly out, F8 (Flyball, 8LM) Runner from 3rd tags up, SCORES, throw made
|
Now in CF: Jimmy Skinner
|
|
Batting: RHB Rijk de Rade
|
0-0: Called Strike 0-1: Ball 1-1: Called Strike Pedro Cabrera steals 3rd base Steve Burton to second 1-2: Ball 2-2: SINGLE (Line Drive, 4M) Pedro Cabrera scores Steve Burton to third Runner from 3rd tries for Home, SAFE, no throw
|
Pitching: RHP Jesús Martínez
|
|
Batting: RHB Allen Brown
|
0-0: Ball 1-0: Ball 2-0: Called Strike 2-1: Swinging Strike 2-2: Ball 3-2: Base on Balls Rijk de Rade to second
|
Batting: SHB Stan Gómez
|
0-0: Ball 1-0: Ball 2-0: Ball 3-0: Called Strike 3-1: Called Strike 3-2: Base on Balls Rijk de Rade to third Allen Brown to second
|
Batting: LHB Francisco Blanco
|
0-0: Ball 1-0: Called Strike 1-1: Foul Ball, location: 2F 1-2: SINGLE (Line Drive, 56D) Rijk de Rade scores Allen Brown to third Stan Gómez to second Runner from 3rd tries for Home, SAFE, no throw
|
Batting: RHB Julián García
|
0-0: Ball 1-0: Grounds into double play, 4-6-3 (Groundball, 4)
|
Top of the 10th over - 5 runs, 4 hits, 0 errors, 1 left on base; Red Deer 14 - Menlo 9 |
BOTTOM OF THE 10TH |
Menlo Maniacs batting - Pitching for Red Deer Wranglers : RHP Raúl Zumaya
|
Pitching: RHP Pat Ferson
|
|
Batting: RHB José Méndez
|
0-0: Ball 1-0: Foul Ball, location: 2F 1-1: Ball 2-1: Swinging Strike 2-2: Fly out, F5 (Popup, 5SF)
|
Batting: RHB Jason Patrick
|
0-0: Ball 1-0: Foul Ball, location: 2F 1-1: Ball 2-1: Swinging Strike 2-2: Strikes out swinging
|
Batting: LHB Tristan Walker
|
0-0: Called Strike 0-1: Foul Ball, location: 2F 0-2: Fly out, F7 (Flyball, 7D)
|
Bottom of the 10th over - 0 runs, 0 hits, 0 errors, 0 left on base; Red Deer 14 - Menlo 9 |
|